 Dungeon Crawl Stone Soup version 0.19-a0-1019-g9c6a58d (webtiles) character file.

26210 Ijustatesigmund the Cleaver (level 12, -1/145 HPs)
             Began as a Demonspawn Berserker on July 26, 2016.
             Was a High Priest of Trog.
             Slain by a skeletal warrior
             ... wielding a +0 long sword
              (15 damage)
             ... on level 13 of the Dungeon.
             The game lasted 00:56:29 (16831 turns).

Ijustatesigmund the Cleaver (Demonspawn Berserker) Turns: 16831, Time: 00:56:30

Health: -1/145     AC: 18    Str: 23    XL:     12   Next: 96%
Magic:  4/4        EV: 12    Int:  9    God:    Trog [*****.]
Gold:   602        SH: 11    Dex: 16    Spells: 0 memorised, 11 levels left

rFire  . . .     SeeInvis .     h - +3 broad axe (antimagic)
rCold  . . .     Gourm    .     N - +0 chain mail
rNeg   . . .     Faith    .     b - +0 buckler
rPois  .         Spirit   .     x - +2 hat of the High Council {Archmagi, Wiz- Stlth-}
rElec  .         Dismiss  .     i - +1 cloak
rCorr  .         Reflect  +     (no gloves)
SustAt .         Harm     .     (no boots)
MR     .....                    O - +5 amulet of reflection
Stlth  ..........               (no ring)
                                (no ring)

@: berserking, very quick, not resistant to hostile enchantments, extremely
unstealthy
A: horns 1, rough black scales 1, nightstalker 1, powered by death 2
a: Berserk, Trog's Hand, Brothers in Arms, Burn Spellbooks, Renounce Religion


You were on level 13 of the Dungeon.
You worshipped Trog.
Trog was extremely pleased with you.
You were not hungry.

You visited 1 branch of the dungeon, and saw 13 of its levels.

You collected 992 gold pieces.
You spent 390 gold pieces at shops.

Inventory:

Hand Weapons
 h - a +3 antimagic broad axe (weapon)
 C - a +1 war axe
 J - a +0 morningstar
Armour
 b - a +0 buckler (worn)
 i - a +1 cloak (worn)
 x - the +2 hat of the High Council (worn) {Archmagi, Wiz- Stlth-}
   (You found it on level 6 of the Dungeon)

   It makes you less stealthy.
 N - a +0 chain mail (worn)
Jewellery
 j - an uncursed amulet of the gourmand
 s - an uncursed ring of fire
 O - a +5 amulet of reflection (around neck)
Wands
 a - a wand of slowing (37/48)
 d - a wand of teleportation (2/9)
 e - a wand of enslavement (6/24)
 m - a wand of slowing (20/48)
 n - a wand of slowing (32/48)
 p - a wand of polymorph (3/24)
 u - a wand of polymorph (6/24)
 y - a wand of enslavement (0/24)
 A - a wand of paralysis (7/24)
 E - a wand of digging (10/24)
 K - a wand of teleportation (1/9)
 L - a wand of flame (24/48)
 P - a wand of slowing (24/48)
 R - a wand of confusion (30/48)
Scrolls
 g - 4 scrolls of enchant armour
 k - 5 scrolls of remove curse
 l - 2 scrolls of magic mapping
 q - a scroll of immolation {unknown}
 B - a scroll of summoning
 G - a scroll of fog {unknown}
 T - a scroll of fear
Potions
 r - a potion of curing
 t - 2 potions of mutation
 v - 2 potions of cancellation
 w - 2 potions of brilliance
 z - a potion of invisibility {unknown}
 D - 2 potions of flight
 F - a potion of lignification
 I - 2 potions of berserk rage
 M - a potion of ambrosia {unknown}
 Q - a potion of heal wounds
Books
 H - a book of Misfortune

   Spells                             Type                      Level
   a - Confusing Touch                Hexes                        1
   b - Confuse                        Hexes                        3
   c - Gell's Gravitas                Hexes/Translocation          3
   d - Petrify                        Transmutation/Earth          4
   e - Metabolic Englaciation         Hexes/Ice                    5
   f - Yara's Violent Unravelling     Hexes/Transmutation          5
   Trog disapproves of the use of such an item.
Comestibles
 c - 14 bread rations
 f - 4 meat rations
 o - 20 fruits


   Skills:
 - Level 10.2 Fighting
 + Level 14.3 Axes
 - Level 5.1 Armour
 - Level 7.1 Dodging
 - Level 7.0 Shields


You had 11 spell levels left.
You didn't know any spells.

Dungeon Overview and Level Annotations

Branches:
Dungeon (13/15)            Temple (0/1) D:7            Lair (0/6) D:8
    Orc (0/2) D:12
 Vaults: D:13-14

Altars:
Ashenzari
Cheibriados
Dithmenos
Elyvilon
Fedhas
Kikubaaqudgha
Qazlal
Sif Muna
Trog
Vehumet
Xom
Zin

Shops:
D:8 [}   D:12 (   D:13 [

Annotations:
D:12 Shenda's ghost, journeyman FoFi; WhatIsLove's ghost, novice FeBe


Innate Abilities, Weirdness & Mutations

You have a pair of small horns on your head.
You are partially covered in rough black scales. (AC +4, Dex -1)
You are slightly more attuned to the shadows.
You regenerate health from kills.


Message History

You closely miss the skeletal warrior.
Your headbutt misses the skeletal warrior.
You hit the skeletal warrior but do no damage.
You slash the skeletal warrior!
The skeletal warrior is moderately damaged.
You closely miss the skeletal warrior.
The skeletal warrior hits you with a dire flail of crushing.
* * * LOW HITPOINT WARNING * * *
x2 The skeletal warrior hits you with a long sword!
* * * LOW HITPOINT WARNING * * *
You slash the skeletal warrior!
The skeletal warrior is heavily damaged.
You hit the skeletal warrior but do no damage.
You hit the skeletal warrior. You headbutt the skeletal warrior.
The skeletal warrior is heavily damaged.
You hit the skeletal warrior but do no damage.
The skeletal warrior hits you with a dire flail of crushing.
* * * LOW HITPOINT WARNING * * *
x2 The skeletal warrior hits you with a long sword!
You die...

........................
........................
...##...................
.####...)...#'#..#.#....
.####†..)...'∩'.........
........)..##'#..#.#....
...........##..............
...........##...zz###......
....#......##...@.####.....
....#..................>....
..#.#.######..))####........
..#.#.# ..................
..#.#.# .................#
..#.#.# ...............######
..#.#.# ..########......#....
....#.###..#...()..........##
....#......#(##########.....#


You could see 2 skeletal warriors.

Vanquished Creatures
  Kirke (D:12)
  Snorg (D:11)
  Erolcha (D:9)
  A centaur warrior (D:10)
  3 skeletal warriors (D:13)
  The ghost of Xiguana the Carver, a novice HEFi of Uskayaw (D:7)
  2 unseen horrors (D:13)
  2 deep elf magi
  2 manticores
  2 ugly things (D:12)
  An elephant (D:8)
  Joseph (D:9)
  A kobold demonologist (D:11)
  A gargoyle (D:10)
  4 centaur skeletons
  3 meliai (D:13)
  A two-headed ogre (D:11)
  3 trolls
  5 slime creatures (D:13)
  A shadow (D:9)
  11 yaks
  A wraith (D:13)
  Eustachio (D:5)
  2 hungry ghosts
  A steam dragon (D:10)
  2 hippogriffs
  Edmund (D:4)
  2 water moccasins
  2 soldier ants
  2 ice beasts
  A phantom (D:12)
  2 wasps
  3 black bears
  14 orc warriors
  3 sky beasts
  4 ogres
  A necrophage (D:12)
  4 centaurs
  2 crocodiles
  4 big kobolds
  7 giant frogs
  9 scorpions
  15 killer bees
  8 wights
  3 howler monkeys
  4 giant frog zombies
  4 crimson imps
  4 centaur zombies
  2 quasits
  6 hounds
  A jelly (D:10)
  12 orc priests
  9 orc wizards
  4 iguanas
  7 worker ants
  A sheep (D:8)
  A hound zombie (D:6)
  A hound skeleton (D:11)
  A worker ant zombie (D:6)
  18 adders
  8 gnolls
  A howler monkey skeleton (D:10)
  3 shadow imps
  4 oozes
  2 adder skeletons
  An adder zombie (D:5)
  5 worms
  A dart slug (D:1)
  4 giant geckos
  57 orcs
  A ball python (D:6)
  8 bats
  3 giant cockroaches
  6 goblins
  5 hobgoblins
  8 jackals
  25 kobolds
  4 quokkas
  9 giant newts
  A quokka skeleton (D:8)
  A quokka zombie (D:7)
  6 rats
380 creatures vanquished.

Vanquished Creatures (others)
  Nessos (D:12)
  3 humans (D:12)
  An orc warrior (D:12)
  2 killer bees (D:7)
  5 orcs
12 creatures vanquished.

Grand Total: 392 creatures vanquished

Notes
Turn   | Place    | Note
-------+----------+-------------------------------------------
     0 | D:1      | Ijustatesigmund the Demonspawn Berserker began the quest for the Orb.
     0 | D:1      | Reached XP level 1. HP: 18/18 MP: 1/1
   164 | D:1      | Reached skill level 3 in Axes
   164 | D:1      | Gained mutation: You regenerate a little health from kills. [demonic ancestry]
   164 | D:1      | Reached XP level 2. HP: 6/24 MP: 2/2
  1026 | D:2      | Reached XP level 3. HP: 26/29 MP: 3/3
  1027 | D:2      | Reached ** piety under Trog
  1315 | D:2      | Gained mutation: You are partially covered in rough black scales. (AC +4, Dex -1) [demonic ancestry]
  1315 | D:2      | Reached XP level 4. HP: 23/37 MP: 4/4
  1973 | D:3      | Reached skill level 4 in Axes
  2174 | D:3      | Reached *** piety under Trog
  2211 | D:3      | Found a shattered altar of Ashenzari.
  2303 | D:3      | Reached XP level 5. HP: 39/43 MP: 5/5
  2347 | D:3      | Found a white marble altar of Elyvilon.
  2837 | D:4      | Noticed Edmund
  2851 | D:4      | Killed Edmund
  2851 | D:4      | Reached XP level 6. HP: 50/50 MP: 6/6
  2997 | D:4      | Reached skill level 5 in Fighting
  3395 | D:5      | Entered Level 5 of the Dungeon
  3425 | D:5      | Found a shadowy altar of Dithmenos.
  3538 | D:5      | Gained mutation: You regenerate health from kills. [demonic ancestry]
  3538 | D:5      | Reached XP level 7. HP: 45/56 MP: 7/7
  3539 | D:5      | Noticed Eustachio
  4556 | D:5      | Reached skill level 5 in Axes
  5744 | D:6      | Reached XP level 8. HP: 41/65 MP: 8/8
  5839 | D:6      | Found a bloodstained altar of Trog.
  5946 | D:6      | Found an ancient bone altar of Kikubaaqudgha.
  5949 | D:6      | Found a glowing silver altar of Zin.
  5952 | D:6      | Found a snail-covered altar of Cheibriados.
  5955 | D:6      | Found a stormy altar of Qazlal.
  6038 | D:6      | Reached skill level 6 in Axes
  6467 | D:7      | Found a radiant altar of Vehumet.
  6680 | D:7      | Found a staircase to the Ecumenical Temple.
  6753 | D:7      | Reached skill level 7 in Axes
  6840 | D:7      | HP: 3/68 [poisoned by a killer bee]
  6845 | D:7      | HP: 1/68 [poisoned by a killer bee]
  6850 | D:7      | HP: 3/68 [poisoned by a killer bee]
  7355 | D:7      | Gained mutation: You are slightly more attuned to the shadows. [demonic ancestry]
  7355 | D:7      | Reached XP level 9. HP: 26/74 MP: 9/9
  7480 | D:7      | Noticed Xiguana's ghost (novice HEFi)
  7829 | D:5      | Reached skill level 1 in Shields
  7833 | D:5      | Killed Eustachio
  8717 | D:7      | Killed Xiguana's ghost
  8717 | D:7      | Reached skill level 8 in Axes
  9093 | D:8      | Found Tereabol's Gadget Shoppe.
  9100 | D:8      | Bought a wand of teleportation (6/9) for 390 gold pieces
  9271 | D:8      | Found Uniblaem's Armour Boutique.
  9442 | D:8      | Found a shimmering altar of Xom.
  9466 | D:8      | Reached **** piety under Trog
  9624 | D:8      | Found a deep blue altar of Sif Muna.
  9644 | D:8      | Noticed an elephant
  9901 | D:8      | Found a staircase to the Lair.
  9909 | D:8      | Reached XP level 10. HP: 84/84 MP: 10/10
  9922 | D:8      | Reached skill level 9 in Axes
  9927 | D:8      | Killed an elephant
 10117 | D:8      | Reached skill level 10 in Fighting
 10308 | D:9      | Noticed Joseph
 10326 | D:9      | Killed Joseph
 10540 | D:9      | Noticed Erolcha
 10731 | D:9      | Reached skill level 5 in Armour
 10800 | D:9      | Reached ***** piety under Trog
 10889 | D:9      | Reached skill level 5 in Dodging
 10899 | D:9      | Killed Erolcha
 10899 | D:9      | Reached skill level 5 in Shields
 10899 | D:9      | Gained mutation: You have a pair of small horns on your head. [demonic ancestry]
 10899 | D:9      | Reached XP level 11. HP: 91/91 MP: 11/11
 10945 | D:9      | Found a blossoming altar of Fedhas.
 11230 | D:10     | Entered Level 10 of the Dungeon
 11253 | D:10     | Noticed a centaur warrior
 11266 | D:10     | Killed a centaur warrior
 12973 | D:11     | Noticed a death knight
 13202 | D:11     | Received a gift from Trog
 13331 | D:11     | Noticed Snorg
 13343 | D:11     | Killed Snorg
 13343 | D:11     | Reached skill level 10 in Axes
 13826 | D:12     | Noticed Kirke
 13883 | D:12     | Killed Kirke
 13883 | D:12     | Reached skill level 11 in Axes
 14028 | D:12     | Found a staircase to the Orcish Mines.
 14093 | D:12     | Noticed Nessos
 14096 | D:12     | Noticed WhatIsLove's ghost (novice FeBe)
 14107 | D:12     | Killed Nessos
 14107 | D:12     | Reached XP level 12. HP: 27/97 MP: 4/12
 14676 | D:13     | Reached skill level 12 in Axes
 15005 | D:13     | Found Ybas's Armour Emporium.
 15567 | D:12     | Reached skill level 13 in Axes
 15617 | D:12     | Found Biofisid's Antique Weapon Boutique.
 15766 | D:12     | Noticed Shenda's ghost (journeyman FoFi)
 16501 | D:13     | Received a gift from Trog
 16508 | D:13     | Reached skill level 14 in Axes
 16831 | D:13     | Slain by a skeletal warrior

Vault maps used:
D:1:      dpeg_arrival_pond
D:2:      minmay_misc_feat_more_columns
D:3:      lemuel_round_altar, nicolae_ashenzari_panopticon, st_stairs_9
D:4:      first_bread, fountainhead, dk_noncrumbling_4, minivault_24,
          uniq_edmund
D:5:      old_standard_altar, uniq_eustachio
D:6:      lemuel_crystal_altar, grunt_temple_overflow_cloverleaf
D:7:      overflow_temple_1_default
D:8:      nicolae_overflow_crystal_walls, lemuel_crystal_altar,
          david_lair_generic, serial_shops, shop,
          nicolae_shop_competitors_out_of_business
D:9:      fedhas_altar_fruit_tree, blue_anna_alchemist, water_boxes_lemuel,
          uniq_erolcha, uniq_joseph
D:11:     grunt_ministairs_6, uniq_snorg
D:12:     david_orc_2, serial_shops, shop, uniq_nessos, uniq_kirke
D:13:     serial_shops, kennysheep_mini, serial_co_window_serial,
          co_window_corner_a, co_window_paths_a, co_window_corner_a,
          co_window_corner_a, co_window_corner_a, co_window_corner_a,
          co_window_2corner, co_window_2corner, co_window_corner_b,
          co_window_broadway_b, co_window_broadway_a, co_window_corner_b,
          co_window_paths_e, glass_columns_a, glass_columns_a, glass_columns_b,
          glass_columns_b, eino_jars

Skill      XL: |  1  2  3  4  5  6  7  8  9 10 11 12 |
---------------+-------------------------------------+-----
Axes           | 3 4 5 7 8 9 11 14 | 14.3
Fighting       | 4 5 6 8 9 10 | 10.2
Dodging        | 2 3 5 7 |  7.1
Armour         | 2 3 5 |  5.1
Shields        | 3 5 7 |  7.0

Action                   |  1- 3 |  4- 6 |  7- 9 | 10-12 || total
-------------------------+-------+-------+-------+-------++-------
Melee: Hand axe          |   100 |   213 |   706 |       ||  1019
       War axe           |       |       |    35 |   459 ||   494
       Headbutt          |       |       |       |   168 ||   168
       Broad axe         |       |       |       |   423 ||   423
Invok: Berserk           |     2 |     4 |    14 |    13 ||    33
       Trog's Hand       |       |       |    10 |     4 ||    14
Evoke: Wand              |       |       |     6 |     8 ||    14
  Use: Scroll            |       |     3 |    14 |    10 ||    27
       Potion            |       |       |     2 |     2 ||     4
 Stab: Sleeping          |     1 |       |       |       ||     1
  Eat: Chunk             |     3 |    21 |    33 |    14 ||    71
       Beef jerky        |       |       |       |     6 ||     6
       Pizza             |       |       |       |     3 ||     3
       Royal jelly       |       |       |       |     1 ||     1
       Fruit             |       |       |       |    16 ||    16
Armor: Animal skin       |    26 |    41 |       |       ||    67
       Ring mail         |       |    39 |   289 |    75 ||   403
       Chain mail        |       |       |       |   263 ||   263
Dodge: Dodged            |    62 |   144 |   388 |   284 ||   878
Block: Buckler           |       |       |    88 |   420 ||   508
       Reflection        |       |       |     5 |    15 ||    20
